 Dungeon Crawl Stone Soup version 0.32-a0-172-gc5dd13f2a7 (webtiles) character file.

Game seed: 17964631201462003742

6542 Dittersdorf the Blocker (level 11, -7/72 HPs)
             Began as a Gargoyle Fighter on Feb 12, 2024.
             Was an Initiate of Gozag.
             Mangled by an orc warrior
             ... wielding a +0 halberd
              (10 damage)
             ... in a bailey.
             The game lasted 00:11:55 (9419 turns).

Dittersdorf the Blocker (Gargoyle Fighter)          Turns: 9419, Time: 00:11:56

Health: -7/72      AC: 21    Str: 34    XL:     11   Next: 1%
Magic:  20/20      EV: 10    Int:  8    God:    Gozag
Gold:   932        SH:  0    Dex:  8    Spells: 10/10 levels left

rFire   + + .        F - +1 morningstar
rCold   . . .        c - +0 buckler
rNeg    + . .        p - +2 ring mail {rF+}
rPois   ∞            D - +1 hat {Will+}
rElec   +            G - +0 cloak
rCorr   .            w - +0 pair of gloves
SInv    .            (no boots)
Will    +....        (no amulet) Stlth
                     o - ring of magical power
HPRegen 0.32/turn    B - +6 ring of strength
MPRegen 0.17/turn

%: no passive effects
@: confused, mighty, ambrosia-drunk, gold aura, attractive, hasted, very quick
A: sickness immunity, AC +8, negative energy resistance 1, electricity
resistance, torment resistance 1, petrification resistance, fire resistance 1,
strong 1, no potion heal 1
a: Renounce Religion, Potion Petition, Call Merchant, Bribe Branch


You were in a bailey.
You worshipped Gozag.
Gozag was pleased with you.
You visited 2 branches of the dungeon, and saw 10 of its levels.
You also visited: Bailey.

You collected 1026 gold pieces.
You paid 94 gold pieces to Gozag.

Inventory:

Hand Weapons
 F - a +1 morningstar (weapon)
Armour
 c - a +0 buckler (worn)
 p - a +2 ring mail of fire resistance (worn)
 w - a +0 pair of gloves (worn)
 D - a +1 hat of willpower (worn)
 G - a +0 cloak (worn)
Jewellery
 a - a ring of wizardry
 o - a ring of magical power (left hand)
 B - a +6 ring of strength (right hand)
Wands
 A - a wand of iceblast (6)
Scrolls
 b - 2 scrolls of revelation
 g - 2 scrolls of teleportation
 k - 2 scrolls of enchant armour
 n - 2 scrolls of fog
Potions
 d - a potion of might
 e - a potion of haste
 t - a potion of resistance
 z - a potion of enlightenment
 C - a potion of brilliance
 E - a potion of berserk rage


   Skills:
 + Level 9.6 Fighting
 + Level 8.4 Maces & Flails
 + Level 9.5 Armour
 + Level 9.7 Shields


You had 10 spell levels left.
You didn't know any spells.
Your spell library contained the following spells:

 Spells                   Type           Power      Damage    Failure   Level
 Foxfire                  Conj/Fire      0%         2x1d4     52%         1
 Freeze                   Ice            0%         1d3       52%         1
 Necrotise                Necr           0%         1d4       52%         1
 Frozen Ramparts          Ice            0%         1d1       88%         3
 Gell's Gravitas          Tloc           0%         N/A       88%         3
 Hailstorm                Conj/Ice       0%         3d5       88%         3
 Teleport Other           Tloc           0%         N/A       88%         3
 Vampiric Draining        Necr           0%         2d6       88%         3
 Leda's Liquefaction      Alch/Erth      0%         N/A       99%         4
 Martyr's Knell           Necr/Summ      0%         N/A       99%         4
 Petrify                  Alch/Erth      0%         N/A       99%         4
 Curse of Agony           Necr           0%         N/A       100%        5
 Metabolic Englaciation   Hex/Ice        0%         N/A       100%        5
 Dispersal                Tloc           0%         N/A       100%        6
 Plasma Beam              Fire/Air       0%         2x1d10    100%        6
 Starburst                Conj/Fire      0%         6d3       100%        6


Dungeon Overview and Level Annotations

Branches:
Dungeon (9/15)             Temple (1/1) D:6          Bailey (1/1)
   Lair: D:8-11         Orc: D:9-12

Altars:
Ashenzari
Cheibriados
Dithmenos
Elyvilon
Fedhas
Gozag
Kikubaaqudgha
Makhleb
Nemelex Xobeh
Okawaru
Qazlal
Ru
Sif Muna
Trog
Uskayaw
Vehumet
Wu Jian
Xom
Yredelemnul
Zin
The Shining One

Shops:
D:4 *   D:7 ?

Annotations:
D:8 2 transporters


Innate Abilities, Weirdness & Mutations

You are immune to sickness and miasma.
Your stone body is resilient. (AC +8)
You are immune to poison.
You resist negative energy. (rN+)
You are resistant to electric shocks. (rElec)
You are resistant to unholy torment.
You are immune to petrification.
Your flesh is heat resistant. (rF+)
Your muscles are strong. (Str +4, Int/Dex -1)
Potions are less effective at restoring your health.


Message History

You block the orc's attack.
You barely miss the orc warrior.
The orc warrior is moderately wounded.
The orc warrior hits you but does no damage.
The orc hits you but does no damage.
The orc warrior hits you with a +0 glaive. x2
You closely miss the orc warrior.
The orc warrior is moderately wounded.
The orc warrior closely misses you. You block the orc's attack.
You block the orc warrior's attack.
The orc warrior hits you with a +0 glaive!
* * * LOW HITPOINT WARNING * * *
You barely miss the orc warrior.
The orc warrior is moderately wounded.
The orc warrior hits you from afar with a +0 halberd.
* * * LOW HITPOINT WARNING * * *
It was a potion of ambrosia.
You are confused.
You feel invigorated.
The orc warrior hits you with a +0 glaive.
* * * LOW HITPOINT WARNING * * *
The orc warrior closely misses you. The orc barely misses you.
It was a potion of mutation.
You feel extremely strange.
You feel stronger.
Your system partially rejects the healing effects of potions.
You feel resistant to heat.
The orc warrior hits you from afar with a +0 halberd!
* * * LOW HITPOINT WARNING * * *
The orc barely misses you.
The orc warrior is distracted by your dazzling golden aura.
The orc warrior shouts!
It was a potion of attraction.
You feel attractive to monsters.
The orc warrior is attracted toward you.
You hit the orc warrior.
The orc warrior is lightly wounded.
The orc warrior is no longer distracted by gold.
The orc warrior hits you with a +0 halberd!
You die...
Your body crumbles into a pile of gold.

#..'..................
#..'..................
#..#...............∩..
#ßo#...######.........
#..#....≈≈≈≈.........♣
.o..##.♣.≈≈≈≈..♣....♣♣♣
oo.....#§o.≈≈≈≈.....###
######.$#oo♣≈≈≈≈..♣.##
####@o♣≈≈≈≈≈...#
#..$.♣♣≈≈≈≈≈.♣#
##..♣♣♣≈≈≈≈≈♣♣ ####
#######


You could see 3 orc warriors and an orc.

Vanquished Creatures
  2 two-headed ogres
  A komodo dragon (D:8)
  A hornet (D:6)
  Sigmund (D:3)
  A shadow (D:9)
  A vampire (D:9)
  2 wyverns (D:8)
  Eustachio (D:3)
  A wraith (D:9)
  A steam dragon (D:7)
  Menkaure (D:4)
  3 water moccasins
  An ice beast (D:6)
  4 orc warriors
  2 sky beasts
  A black bear (D:7)
  2 ogres
  A centaur (D:9)
  A phantom (D:5)
  Blork the orc (D:4)
  A kobold brigand (D:8)
  A scorpion (D:5)
  2 bullfrogs
  16 wights
  6 killer bees (D:9)
  3 hounds
  2 jellies
  4 orc priests
  Terence (D:2)
  2 iguanas
  Ijyb (D:4)
  3 sleepcaps (D:6)
  6 orc wizards
  Robin (D:4)
  A gnoll (D:1)
  7 adders
  A shadow imp (D:7)
  A white imp (D:7)
  2 ufetubi (D:7)
  4 ribbon worms
  3 dart slugs
  23 orcs
  5 bats
  7 endoplasms
  6 giant cockroaches
  17 goblins
  8 hobgoblins
  2 jackals (D:3)
  5 quokkas
  3 ball pythons
  2 frilled lizards
  8 kobolds
  3 rats
186 creatures vanquished.

Vanquished Creatures (others)
  An orc wizard (D:7)
  3 orcs (D:7)
  A butterfly (D:7)
5 creatures vanquished.

Grand Total: 191 creatures vanquished

Notes
Turn   | Place    | Note
-------+----------+-------------------------------------------
     0 | D:1      | Dittersdorf the Gargoyle Fighter began the quest for the
                  | Orb.
     0 | D:1      | Reached XP level 1. HP: 14/14 MP: 1/1
   198 | D:1      | Reached XP level 2. HP: 19/19 MP: 2/2
   427 | D:1      | Reached XP level 3. HP: 12/24 MP: 3/3
  1073 | D:2      | Found a faded altar of an unknown god.
  1125 | D:2      | Noticed Terence
  1142 | D:2      | Killed Terence
  1143 | D:2      | Reached XP level 4. HP: 24/29 MP: 4/4
  1622 | D:3      | Found a snail-covered altar of Cheibriados.
  1652 | D:3      | Noticed Sigmund
  1671 | D:3      | Killed Sigmund
  1672 | D:3      | Reached XP level 5. HP: 30/34 MP: 5/5
  1672 | D:3      | Reached XP level 6. HP: 35/39 MP: 6/6
  1775 | D:3      | Noticed a water moccasin
  1796 | D:3      | Killed a water moccasin
  2096 | D:3      | Found a glowing golden altar of the Shining One.
  2106 | D:3      | Found an ornate altar of the Wu Jian Council.
  2219 | D:3      | Reached skill level 5 in Fighting
  2549 | D:4      | Noticed Menkaure
  2560 | D:4      | Killed Menkaure
  2561 | D:4      | Reached skill level 5 in Armour
  2561 | D:4      | Reached skill level 5 in Shields
  2561 | D:4      | Reached XP level 7. HP: 8/44 MP: 7/7
  2794 | D:4      | Noticed Robin
  2812 | D:4      | Killed Robin
  2936 | D:4      | Found a glowing silver altar of Zin.
  2938 | D:4      | Found Zin's Purification Station.
  3220 | D:4      | Noticed Ijyb
  3261 | D:4      | Killed Ijyb
  3363 | D:4      | Noticed Blork the orc
  3364 | D:4      | Noticed Eustachio
  3440 | D:3      | Killed Eustachio
  3541 | D:4      | Killed Blork the orc
  3542 | D:4      | Reached XP level 8. HP: 37/51 MP: 8/8
  3634 | D:4      | Found a sacrificial altar of Ru.
  3678 | D:5      | Entered Level 5 of the Dungeon
  3924 | D:5      | Reached skill level 5 in Maces & Flails
  5228 | D:6      | Found a staircase to the Ecumenical Temple.
  5243 | Temple   | Entered the Ecumenical Temple
  5262 | Temple   | Became a worshipper of Gozag Ym Sagoz the Greedy
  5350 | D:6      | HP: 2/52 [orc warrior/+0 flail (3)]
  5352 | D:6      | Reached XP level 9. HP: 2/57 MP: 9/9
  5768 | D:7      | Noticed a hornet
  5768 | D:7      | Found Iri Cuxt's Magic Scroll Emporium.
  5797 | D:6      | Killed a hornet
  6089 | D:7      | Found a white marble altar of Elyvilon.
  6909 | D:7      | Found a shimmering blue altar of Sif Muna.
  7145 | D:8      | Found a broken altar of Ashenzari.
  7283 | D:8      | Reached XP level 10. HP: 17/64 MP: 10/10
  7890 | D:8      | Found a transporter.
  7892 | D:8      | Noticed a manticore
  7892 | D:8      | Noticed an arcanist
  7893 | D:8      | Noticed a death knight
  7894 | D:8      | Noticed a seven-headed hydra
  7895 | D:8      | Noticed a kobold demonologist
  7907 | D:8      | Found a transporter.
  7933 | D:8      | a manticore changed into a meliai
  7933 | D:8      | Noticed a meliai (shapeshifter)
  7935 | D:8      | a meliai changed into a shapeshifter
  7961 | D:8      | Noticed a black mamba
  7969 | D:8      | a black mamba changed into a komodo dragon
  8010 | D:8      | a rime drake changed into a black mamba
  8010 | D:8      | Noticed a black mamba (shapeshifter)
  8012 | D:8      | a black mamba changed into a harpy
  8012 | D:8      | Noticed a harpy (shapeshifter)
  8140 | D:8      | Noticed a two-headed ogre
  8149 | D:8      | Killed a two-headed ogre
  8929 | D:9      | Noticed a two-headed ogre
  8929 | D:9      | Found a bloodstained altar of Trog.
  9012 | D:9      | Noticed a two-headed ogre
  9021 | D:9      | HP: 3/66 [two-headed ogre/+0 dire flail (11)]
  9023 | D:9      | Killed a two-headed ogre
  9214 | D:9      | Found a flagged portal.
  9224 | Bailey   | Entered a bailey
  9410 | Bailey   | Reached XP level 11. HP: 51/72 MP: 11/11
  9417 | Bailey   | Gained mutation: Your muscles are strong. (Str +4, Int/Dex
                  | -1) [potion of mutation]
  9417 | Bailey   | Gained mutation: Potions are less effective at restoring
                  | your health. [potion of mutation]
  9417 | Bailey   | Gained mutation: Your flesh is heat resistant. (rF+)
                  | [potion of mutation]
  9417 | Bailey   | HP: 1/72 [orc warrior/+0 halberd (7)]
  9419 | Bailey   | Mangled by an orc warrior

Illustrated notes

Levels and vault maps discovered:
D:1:      roderic_chinese_lattice_arrival, layout_loops_cross
D:2:      layout_basic, dreamdust_ecumenical_altar_angels_and_demons,
          uniq_terence
D:3:      layout_rooms, slow_altar_1, jmf_multi_god_temple2, uniq_sigmund
D:4:      layout_loops_ring, zin_purify, lemuel_coloured_pillars_altar,
          uniq_robin, uniq_ijyb, uniq_blork_the_orc, uniq_menkaure,
          uniq_eustachio
D:5:      layout_basic
D:6:      layout_basic, minmay_temple_entry_gardened_gates
D:7:      layout_loops_ring, nicolae_elyvilon_peaceful_grove,
          lemuel_crystal_altar, serial_shops, nicolae_stop_n_shop_1
D:8:      gammafunk_sealed_arena, layout_basic, evilmike_ruin_ashenzari
D:9:      kennysheep_blocky_room, layout_rooms, jmf_multi_god_temple,
          enter_bailey_3
Temple:   nicolae_temple_hex_pool
Bailey:   bailey_polearm_elven_captive_hellmonk, bailey

Skill      XL: |  1  2  3  4  5  6  7  8  9 10 |
---------------+-------------------------------+-----
Shields        | 4 5 7 8 9 |  9.7
Fighting       | 4 5 7 8 9 |  9.6
Armour         | 4 5 6 8 9 |  9.5
Maces & Flails | 3 4 5 7 8 |  8.4

Action                     |  1- 3 |  4- 6 |  7- 9 | 10-12 || total
---------------------------+-------+-------+-------+-------++-------
  Melee: Flail             |   113 |   139 |   532 |     5 ||   789
         Morningstar       |       |       |       |   180 ||   180
    Use: Scroll            |       |       |       |    16 ||    16
         Potion            |       |       |       |     8 ||     8
 Armour: Scale mail        |    88 |    72 |       |       ||   160
         Ring mail         |       |    56 |   551 |   195 ||   802
  Dodge: Dodged            |    52 |    92 |   343 |   113 ||   600
  Block: Buckler           |    17 |    43 |   184 |    57 ||   301

Table legend: (Time is in decaauts)
 A = Elapsed time spent in this place.
 B = Non-inter-level travel time spent in this place.
 C = Inter-level travel time spent in this place.
 D = Time resting spent in this place.
 E = Time spent auto-exploring this place.
 F = Levels seen in this place.
 G = Mean time per level.
                   A        B        C        D        E       F      G
               +--------+--------+--------+--------+--------+-----+--------+
         Total |   9604 |   9224 |    380 |   1791 |   5020 |  11 |  873.1 |
       Dungeon |   9374 |   9030 |    344 |   1704 |   5020 |   9 | 1041.6 |
        Temple |     38 |      2 |     36 |      0 |      0 |   1 |   38.0 |
        Bailey |    191 |    191 |      0 |     87 |      0 |   1 |  191.0 |
               +--------+--------+--------+--------+--------+-----+--------+

Top non-repeatable levels by time:
     D:8: 1721 daAuts
     D:6: 1324 daAuts
     D:7: 1248 daAuts
     D:4: 1195 daAuts
     D:5: 967 daAuts
     D:2: 911 daAuts
     D:3: 899 daAuts
     D:1: 782 daAuts
     D:9: 322 daAuts
  Bailey: 191 daAuts
  Temple: 38 daAuts
